[Event "Titled Tuesday Blitz February 22 Late 2022"]
[White "Lopez Perdomo, Juan David"]
[Black "Devaev, Alexander"]
[WhiteFideId "4405137"]
[BlackFideId "4169395"]
[WhiteElo "1997"]
[BlackElo "2185"]
[Result "0-1"]
[Round "04"]
[TimeControl "180+1"]
[Date "2022.02.23"]
[WhiteClock "0:00:02"]
[BlackClock "0:00:12"]

1. e4 c6 2. d4 d5 3. Nc3 dxe4 4. Nxe4 Nf6 5. Nxf6+ exf6 6. Be3 Bd6 7. Qd2 Na6 8. O-O-O Nc7 9. Kb1 Be6 10. Bd3 b5 11. Ne2 Nd5 12. Nf4 Bxf4 13. Bxf4 a5 14. Rhe1 Qd7 15. Bg3 O-O 16. Re4 Nb4 17. Rh4 f5 18. a3 Nxd3 19. Qxd3 Qd5 20. Kc1 Rfd8 21. Bc7 Rd7 22. Bb6 Qxg2 23. Rh3 Qe4 24. Qd2 f4 25. Re1 Qf5 26. Rc3 Bd5 27. Re5 Qf6 28. Bc5 b4 29. Rh3 bxa3 30. Rxa3 a4 31. Qe2 Be6 32. c4 h6 33. Rf3 Re8 34. Qe4 Rc8 35. Rxf4 Qd8 36. Rf3 a3 37. Rxa3 Ra8 38. Re3 Ra1+ 39. Kc2 Qa8 40. d5 cxd5 41. cxd5 Rxd5 42. Qxd5 Bxd5 43. Re8+ Kh7 44. Rxa8 Bxa8 0-1


[Site "https://www.chess.com"]

[Event "Titled Tuesday Blitz February 22 Late 2022"]
[White "Maksimovic, Bojan"]
[Black "Myers, Dominique"]
[WhiteFideId "14408120"]
[BlackFideId "2041715"]
[WhiteElo "2450"]
[BlackElo "1986"]
[Result "1-0"]
[Round "04"]
[TimeControl "180+1"]
[Date "2022.02.23"]
[WhiteClock "0:00:20"]
[BlackClock "0:02:08"]

1. a3 e5 2. c4 Nc6 3. b4 a6 4. Bb2 d6 5. g3 g6 6. Bg2 Bg7 7. e3 Nge7 8. Ne2 O-O 9. Nbc3 Be6 10. d3 f5 11. O-O Qd7 12. f4 Rae8 13. Nd5 h6 14. Qd2 g5 15. Rae1 Ng6 16. Nec3 Nd8 17. Ne2 Nf7 18. Kh1 Qd8 19. Ndc3 c6 20. e4 exf4 21. gxf4 fxe4 22. f5 exd3 23. fxe6 Nfe5 24. Nd4 Rxf1+ 25. Rxf1 Nxc4 26. Qxd3 Nxb2 27. Qxg6 Qe7 28. Rf7 Qf8 29. Rxf8+ Rxf8 30. e7 1-0


[Site "https://www.chess.com"]

[Event "Titled Tuesday Blitz February 22 Late 2022"]
[White "Maltsevskaya, Aleksandra"]
[Black "Farmani Anosheh, Armin"]
[WhiteFideId "24174041"]
[BlackFideId "24613240"]
[WhiteElo "2283"]
[BlackElo "2289"]
[Result "1-0"]
[Round "04"]
[TimeControl "180+1"]
[Date "2022.02.23"]
[WhiteClock "0:00:04"]
[BlackClock "0:00:01"]

1. e4 c5 2. Nf3 d6 3. d4 cxd4 4. Nxd4 Nf6 5. Nc3 Nc6 6. Bg5 e6 7. Qd2 a6 8. O-O-O Bd7 9. h4 Be7 10. f3 Nxd4 11. Qxd4 Qc7 12. Kb1 b5 13. a3 Rb8 14. g4 a5 15. Na2 O-O 16. Bxf6 gxf6 17. g5 e5 18. Qd2 Be6 19. Nc1 Rfc8 20. Bd3 b4 21. a4 Kh8 22. gxf6 Bxf6 23. Rhg1 Rg8 24. Nb3 Rxg1 25. Rxg1 Rg8 26. Rxg8+ Kxg8 27. h5 Qd8 28. Qg2+ Bg5 29. Nxa5 h6 30. Nb3 Qa8 31. Bb5 d5 32. Nc5 dxe4 33. Nxe4 Qd8 34. Qg1 Kh8 35. b3 Bf4 36. Bd3 f5 37. Qg6 fxe4 38. Bxe4 Bg8 39. a5 Qd1+ 40. Ka2 Qd8 41. a6 Be3 42. a7 1-0


[Site "https://www.chess.com"]

[Event "Titled Tuesday Blitz February 22 Late 2022"]
[White "Martinez Alcantara, Jose Eduardo"]
[Black "Mekhitarian, Krikor Sevag"]
[WhiteFideId "3805662"]
[BlackFideId "2107660"]
[WhiteElo "2690"]
[BlackElo "2598"]
[Result "1/2-1/2"]
[Round "04"]
[TimeControl "180+1"]
[Date "2022.02.22"]
[WhiteClock "0:00:43"]
[BlackClock "0:00:18"]

1. e4 c5 2. Nf3 g6 3. d4 cxd4 4. Nxd4 Nc6 5. c4 Nf6 6. Nc3 d6 7. Be2 Nxd4 8. Qxd4 Bg7 9. Be3 O-O 10. Qd2 a5 11. Rd1 Be6 12. f3 a4 13. O-O Qa5 14. Nd5 Nxd5 15. cxd5 Qxd2 16. Rxd2 Bd7 17. Rc2 Rfc8 18. Rfc1 Rxc2 19. Rxc2 Rc8 20. Rxc8+ Bxc8 21. Bb5 Bxb2 22. Bxa4 e6 23. g4 exd5 24. exd5 Kf8 25. Kf1 Ke7 26. Ke2 Ba3 27. h3 Bc5 28. Bh6 b6 29. Bb5 Bb7 30. Bc4 b5 31. Bxb5 Bxd5 32. a4 f5 33. a5 fxg4 34. hxg4 Kd8 35. a6 Kc7 36. Bd3 Kb6 37. f4 Be6 38. f5 gxf5 39. gxf5 Bxf5 40. Bxf5 Kxa6 41. Kd3 Kb6 42. Ke4 d5+ 43. Kxd5 Bg1 44. Bf4 h5 45. Bg5 Bf2 46. Bd8+ Kb5 47. Be7 h4 48. Bd7+ Kb6 49. Bd8+ Ka7 50. Kc6 Bg3 51. Bh3 Kb8 52. Bb6 Bf4 53. Bf2 Bg3 54. Be3 Bh2 55. Bg5 Bg3 56. Bd8 Bh2 57. Bg2 Bg3 58. Bb6 Bh2 59. Kb5 Bg3 60. Ka6 Bh2 61. Bb7 Bg3 62. Bd8 h3 63. Bb6 h2 64. Bc6 Bf4 65. Kb5 Bg3 66. Kc4 Bf4 67. Kd5 Bg3 68. Ke4 Bd6 69. Kf5 Bc7 70. Bf2 Bd6 71. Ke6 Bf4 72. Kf5 Bd6 73. Kg4 Be5 74. Bh1 Bd6 75. Kf5 Bc7 76. Ke6 Bf4 77. Kd5 Bc7 78. Kc6 Bf4 79. Bd4 Bg3 80. Bb6 Bf4 81. Kd7 Bg3 82. Bg2 Bf4 83. Bf2 Be5 84. Kc6 Bf4 85. Kd5 Bc7 86. Be3 Bg3 87. Kc6 Be5 88. Kd5 Bg3 89. Ke4 Bd6 90. Kf3 Bc7 91. Bh1 Bd6 92. Bf2 Bc7 93. Kg2 Bd6 94. Bd4 Bc7 95. Bc5 Be5 96. Bb6 Bc7 97. Bf2 Be5 98. Bg3 Bxg3 99. Kxg3 Kc7 100. Kxh2 1/2-1/2


[Site "https://www.chess.com"]

[Event "Titled Tuesday Blitz February 22 Late 2022"]
[White "Martirosyan, Haik M."]
[Black "Vlassov, Nikolai"]
[WhiteFideId "13306553"]
[BlackFideId "4103360"]
[WhiteElo "2735"]
[BlackElo "2407"]
[Result "1-0"]
[Round "04"]
[TimeControl "180+1"]
[Date "2022.02.22"]
[WhiteClock "0:01:10"]
[BlackClock "0:00:18"]

1. e4 Nc6 2. Nf3 d5 3. exd5 Qxd5 4. d4 Bg4 5. Be2 O-O-O 6. Nc3 Qh5 7. Be3 e5 8. d5 Nf6 9. O-O e4 10. Ng5 h6 11. Nxf7 Qxf7 12. Bxg4+ Kb8 13. Be6 Qg6 14. Nb5 a6 15. a4 Ne5 16. Kh1 c5 17. Bf4 axb5 18. Bxe5+ Bd6 19. Bxd6+ Rxd6 20. axb5 Rhd8 21. Qe1 Nxd5 22. Bxd5 Rxd5 23. Qa5 c4 24. Ra4 Rd1 25. Qa7+ Kc7 26. Rxc4+ 1-0


[Site "https://www.chess.com"]

[Event "Titled Tuesday Blitz February 22 Late 2022"]
[White "Mickiewicz, Piotr"]
[Black "Loay, Sameer"]
[WhiteFideId "1114891"]
[BlackFideId "8104239"]
[WhiteElo "2266"]
[BlackElo "2040"]
[Result "0-1"]
[Round "04"]
[TimeControl "180+1"]
[Date "2022.02.23"]
[WhiteClock "0:00:03"]
[BlackClock "0:00:15"]

1. e4 d6 2. d4 g6 3. Nc3 Bg7 4. Be3 a6 5. f3 Nd7 6. Qd2 b5 7. O-O-O Bb7 8. h4 h5 9. Nh3 Ngf6 10. Ng5 O-O 11. g4 b4 12. Ne2 c5 13. d5 Ne5 14. Ng3 Qa5 15. Kb1 c4 16. gxh5 c3 17. Qg2 cxb2 18. h6 Nxd5 19. Bd4 b3 20. cxb3 Nc3+ 21. Bxc3 Qxc3 22. hxg7 Rfc8 23. Qxb2 Qe3 24. Bh3 Nd3 25. Qd2 Rc1+ 26. Qxc1 Nxc1 27. Rxc1 Qd3+ 28. Kb2 Qd4+ 29. Ka3 a5 30. Ne2 Qb4+ 31. Kb2 a4 32. Rc4 Qd2+ 33. Rc2 a3+ 34. Kb1 Qd3 35. Rc1 Ba6 36. Nf4 Qd4 37. Nd5 Bd3 38. Nxe7+ Kxg7 39. Ne6+ fxe6 40. Nf5+ gxf5 0-1


[Site "https://www.chess.com"]

[Event "Titled Tuesday Blitz February 22 Late 2022"]
[White "Mikheev, Stanislav"]
[Black "Shuvalova, Polina"]
[WhiteFideId "4135920"]
[BlackFideId "24171760"]
[WhiteElo "2249"]
[BlackElo "2355"]
[Result "1-0"]
[Round "04"]
[TimeControl "180+1"]
[Date "2022.02.23"]
[WhiteClock "0:00:30"]
[BlackClock "0:00:02"]

1. d4 Nf6 2. c4 e6 3. Nf3 d5 4. g3 Bb4+ 5. Nbd2 O-O 6. a3 Be7 7. Qc2 b6 8. Bg2 Bb7 9. cxd5 exd5 10. O-O Nbd7 11. b4 c5 12. bxc5 bxc5 13. Rb1 Qc7 14. a4 c4 15. Re1 Bc6 16. e4 Nxe4 17. Nxe4 dxe4 18. Bf4 Qa5 19. Qxc4 Rac8 20. Nd2 Bxa4 21. Qe2 Bb4 22. Rec1 Nf6 23. Nxe4 Nxe4 24. Bxe4 Rxc1+ 25. Rxc1 Re8 26. Qd3 g6 27. d5 Qb5 28. d6 a5 29. Qf3 Qd7 30. Rc7 Qe6 31. Bd5 Qe1+ 32. Kg2 Rf8 33. Bh6 Bxd6 34. Bxf8 1-0


[Site "https://www.chess.com"]

[Event "Titled Tuesday Blitz February 22 Late 2022"]
[White "Mogranzini, Roberto"]
[Black "Garriga Cazorla, Pere"]
[WhiteFideId "810894"]
[BlackFideId "32011601"]
[WhiteElo "2469"]
[BlackElo "2458"]
[Result "0-1"]
[Round "04"]
[TimeControl "180+1"]
[Date "2022.02.23"]
[WhiteClock "0:00:14"]
[BlackClock "0:01:30"]

1. e4 c5 2. Nf3 e6 3. g3 Nc6 4. Bg2 Nf6 5. Qe2 e5 6. O-O Be7 7. Na3 O-O 8. Nc4 d6 9. d3 h6 10. c3 Be6 11. a4 Re8 12. Nh4 Bf8 13. Nf5 d5 14. Nce3 Qd7 15. Qf3 d4 16. Nc4 Nh7 17. Qe2 Rad8 18. Rd1 dxc3 19. bxc3 Bxc4 20. Bxh6 Be6 21. Be3 g6 22. Nh6+ Bxh6 23. Bxh6 b6 24. h4 f6 25. Bf3 Qf7 26. Kg2 Rd7 27. Be3 Red8 28. h5 g5 29. h6 Kh8 30. Bh5 Qe7 31. f4 gxf4 32. gxf4 Rg8+ 33. Kh2 exf4 34. Bxf4 Ne5 35. d4 Bg4 36. Bxg4 Nxg4+ 37. Kh3 Qe6 38. d5 Nf2+ 39. Kh2 Qh3# 0-1


[Site "https://www.chess.com"]

[Event "Titled Tuesday Blitz February 22 Late 2022"]
[White "Moskvin, Anatoly"]
[Black "Roque Sola, Jose Luis"]
[WhiteFideId "24199990"]
[BlackFideId "5120390"]
[WhiteElo "2079"]
[BlackElo "1983"]
[Result "1-0"]
[Round "04"]
[TimeControl "180+1"]
[Date "2022.02.23"]
[WhiteClock "0:01:30"]
[BlackClock "0:00:53"]

1. e4 e6 2. Nf3 d5 3. e5 c5 4. b4 cxb4 5. d4 Nc6 6. a3 bxa3 7. c3 Nge7 8. h4 Bd7 9. Nxa3 Nc8 10. h5 h6 11. g4 Be7 12. Bd3 Nb6 13. Nb5 a6 14. Nd6+ Bxd6 15. exd6 Bc8 16. g5 Qxd6 17. Ba3 Qf4 18. Rh4 Qxh4 19. Nxh4 hxg5 20. Qg4 gxh4 21. Qxg7 Rxh5 22. Qf8+ Kd7 23. Qxf7+ 1-0


[Site "https://www.chess.com"]

[Event "Titled Tuesday Blitz February 22 Late 2022"]
[White "Munoz, Francisco Javier"]
[Black "Hoffmann, Asa"]
[WhiteFideId "128368"]
[BlackFideId "2001470"]
[WhiteElo "2383"]
[BlackElo "2117"]
[Result "0-1"]
[Round "04"]
[TimeControl "180+1"]
[Date "2022.02.23"]
[WhiteClock "0:00:04"]
[BlackClock "0:01:03"]

1. e4 d6 2. d4 Nf6 3. Nc3 c6 4. Be3 Ng4 5. Bg5 Qb6 6. Qd2 Qxb2 7. Rb1 Qa3 8. f3 Nf6 9. Bc4 e6 10. Nge2 d5 11. Bd3 Be7 12. Rb3 Qa5 13. e5 Nfd7 14. Bxe7 Kxe7 15. O-O h6 16. f4 g6 17. g4 Qd8 18. f5 gxf5 19. gxf5 Qg8+ 20. Kh1 Qg5 21. Qe1 exf5 22. Ng3 Nb6 23. Bxf5 Be6 24. a4 N8d7 25. a5 Nc4 26. Rxb7 Qd2 27. Bxe6 fxe6 28. Qxd2 Nxd2 29. Rf4 Rhb8 30. a6 Rxb7 31. axb7 Rb8 32. Rh4 Rxb7 33. Rxh6 Rb2 34. Rh7+ Kd8 35. Na4 Rb4 36. Nc5 Nxc5 37. dxc5 Rc4 38. h4 Nf3 39. h5 Rxc2 40. Rxa7 Rh2# 0-1


[Site "https://www.chess.com"]

[Event "Titled Tuesday Blitz February 22 Late 2022"]
[White "Naroditsky, Daniel"]
[Black "Jacobson, Aaron"]
[WhiteFideId "2026961"]
[BlackFideId "2089912"]
[WhiteElo "2608"]
[BlackElo "2265"]
[Result "1-0"]
[Round "04"]
[TimeControl "180+1"]
[Date "2022.02.22"]
[WhiteClock "0:00:18"]
[BlackClock "0:00:02"]

1. d4 d5 2. Bf4 c5 3. e3 cxd4 4. exd4 Nc6 5. c3 f6 6. Nf3 g5 7. Bg3 Bg7 8. Bb5 Bf5 9. O-O e6 10. Re1 Ne7 11. Nbd2 O-O 12. Nf1 a6 13. Bd3 Qd7 14. Ne3 Be4 15. Qc2 Bxd3 16. Qxd3 h5 17. h4 g4 18. Nd2 e5 19. dxe5 fxe5 20. Ne4 Rad8 21. Ng5 e4 22. Qc2 Nf5 23. Nxf5 Qxf5 24. Rad1 Bf6 25. Qb3 Bxg5 26. Qxb7 Rf6 27. hxg5 Qxg5 28. Re2 h4 29. Bc7 Rdf8 30. Qb3 Ne7 31. c4 h3 32. cxd5 Kg7 33. d6 Ng6 34. d7 Nf4 35. Rxe4 hxg2 36. d8=Q Nh3+ 37. Qxh3 Rxd8 38. Re7+ Rf7 39. Qc3+ Kg6 40. Re6+ Kf5 41. Qe5# 1-0


[Site "https://www.chess.com"]

[Event "Titled Tuesday Blitz February 22 Late 2022"]
[White "Nasuta, Grzegorz"]
[Black "Bouget, Alexandre"]
[WhiteFideId "1141686"]
[BlackFideId "681318"]
[WhiteElo "2396"]
[BlackElo "2178"]
[Result "1-0"]
[Round "04"]
[TimeControl "180+1"]
[Date "2022.02.23"]
[WhiteClock "0:02:09"]
[BlackClock "0:01:37"]

1. e4 e5 2. Nf3 Nc6 3. d4 exd4 4. Nxd4 Nf6 5. Nxc6 bxc6 6. Nd2 d5 7. exd5 cxd5 8. Bb5+ Bd7 9. Bxd7+ Qxd7 10. O-O Be7 11. b3 O-O 12. Bb2 c6 13. Re1 Bd8 14. Qf3 Ne8 15. Rad1 Bf6 16. Ba3 Nd6 17. c4 d4 18. Bxd6 Qxd6 19. Ne4 Qe5 20. Nxf6+ Qxf6 21. Qxf6 gxf6 22. Rxd4 Rfe8 23. Rxe8+ Rxe8 24. Kf1 Re6 25. Rd7 a6 26. Ra7 c5 27. Rc7 Rd6 28. Rxc5 Rd2 29. Ra5 1-0


[Site "https://www.chess.com"]

[Event "Titled Tuesday Blitz February 22 Late 2022"]
[White "Nikologorsky, Matfei"]
[Black "Aldokhin, Ivan"]
[WhiteFideId "24102474"]
[BlackFideId "24115720"]
[WhiteElo "2231"]
[BlackElo "2231"]
[Result "0-1"]
[Round "04"]
[TimeControl "180+1"]
[Date "2022.02.23"]
[WhiteClock "0:00:09"]
[BlackClock "0:00:09"]

1. e4 c5 2. Nf3 e6 3. d4 cxd4 4. Nxd4 a6 5. c4 Qc7 6. Bd3 Nf6 7. O-O d6 8. Nc3 Nbd7 9. Be3 Be7 10. Rc1 O-O 11. Qe2 b6 12. Rfd1 Bb7 13. f3 Ne5 14. b4 Rac8 15. Na4 Nxd3 16. Qxd3 Nd7 17. Nb2 Qb8 18. a4 Rfe8 19. Nb3 Qa8 20. a5 Ne5 21. Qe2 d5 22. exd5 exd5 23. c5 d4 24. Bxd4 Bxf3 25. gxf3 Nxf3+ 26. Kf1 Nxd4 27. Qg2 Qxg2+ 28. Kxg2 Nxb3 29. Rc3 bxc5 30. Rxb3 cxb4 31. Na4 Bf8 32. Nb6 Rc2+ 33. Kg3 h5 34. Rd5 g6 35. Nd7 Bg7 36. Rxb4 Re3+ 37. Kh4 Rxh2+ 38. Kg5 Rg3+ 39. Kf4 Rhh3 40. Rb8+ Kh7 41. Nf8+ Kh6 42. Nxg6 Rg4+ 43. Kf5 fxg6+ 44. Ke6 Re3+ 45. Kd6 Rge4 46. Kc6 Re6+ 47. Kb7 Rb3+ 48. Ka8 Rxb8+ 49. Kxb8 Bc3 50. Ka7 Be1 51. Kb7 h4 52. Rd8 Kg5 53. Rh8 Kg4 54. Kc7 Kg3 55. Kd7 Re3 56. Rg8 h3 57. Rxg6+ Kf2 58. Rh6 Kg2 59. Kc6 Bg3 60. Kb6 h2 61. Kxa6 h1=Q 62. Rxh1 Kxh1 63. Kb7 Rb3+ 64. Kc6 Bf2 65. a6 Ra3 66. Kb7 Kg2 67. Kb8 Rxa6 0-1


[Site "https://www.chess.com"]

[Event "Titled Tuesday Blitz February 22 Late 2022"]
[White "Ozates, Tuna"]
[Black "Gledura, Benjamin"]
[WhiteFideId "6354521"]
[BlackFideId "712779"]
[WhiteElo "1872"]
[BlackElo "2326"]
[Result "0-1"]
[Round "04"]
[TimeControl "180+1"]
[Date "2022.02.23"]
[WhiteClock "0:00:02"]
[BlackClock "0:00:30"]

1. e4 Nf6 2. e5 Nd5 3. d4 d6 4. c4 Nb6 5. exd6 cxd6 6. Nc3 g6 7. Be3 Bg7 8. Rc1 O-O 9. b3 Re8 10. c5 N6d7 11. Bc4 Nc6 12. Nf3 dxc5 13. dxc5 Qa5 14. Bd2 Qxc5 15. O-O Nb6 16. Be3 Qh5 17. Bxb6 axb6 18. Nd5 b5 19. Bxb5 Rd8 20. Bxc6 Kf8 21. Qe2 Rxd5 22. Bxd5 Qxd5 23. Rfd1 Qa5 24. Rc5 Qb6 25. Rdc1 Be6 26. Ng5 Bf5 27. Nxh7+ Kg8 28. Ng5 Bf6 29. Ne4 Bxe4 30. Qxe4 Rxa2 31. h3 Kg7 32. Qe3 Qd6 33. Rc8 Bd4 34. Qe4 Rxf2 35. Kh1 Qf6 36. Qxb7 Rf1+ 37. Rxf1 Qxf1+ 38. Kh2 Bg1+ 39. Kg3 Qf2+ 40. Kg4 f5+ 41. Kg5 Qg3# 0-1


[Site "https://www.chess.com"]

[Event "Titled Tuesday Blitz February 22 Late 2022"]
[White "P., Komal Kishore"]
[Black "Kostiukov, Alexandr"]
[WhiteFideId "5016703"]
[BlackFideId "14108100"]
[WhiteElo "2021"]
[BlackElo "2202"]
[Result "1-0"]
[Round "04"]
[TimeControl "180+1"]
[Date "2022.02.23"]
[WhiteClock "0:00:07"]
[BlackClock "0:00:06"]

1. e4 c5 2. Nf3 g6 3. c3 Bg7 4. d4 cxd4 5. cxd4 d5 6. e5 Nc6 7. Nc3 Bg4 8. Be3 Nh6 9. Be2 Nf5 10. O-O O-O 11. a3 e6 12. b4 a6 13. Rc1 f6 14. exf6 Qxf6 15. Na4 Bxf3 16. Bxf3 Ncxd4 17. Nc5 Rf7 18. Re1 Rd8 19. Bg4 h5 20. Bh3 e5 21. Qd3 Nxe3 22. fxe3 Qf2+ 23. Kh1 e4 24. Qd1 Nf5 25. Nxe4 Nxe3 26. Nxf2 Nxd1 27. Nxd1 d4 28. g3 Rf3 29. Kg2 Rxa3 30. Nf2 d3 31. Red1 Ra2 32. Be6+ Kh7 33. Bxa2 Bh6 34. Rxd3 Rxd3 35. Nxd3 Bxc1 36. Nxc1 Kg7 37. Bd5 b6 38. Nb3 a5 39. bxa5 bxa5 40. Nxa5 Kf6 41. Kf3 g5 42. Ke4 h4 43. gxh4 gxh4 44. Kf4 Kg6 45. Kg4 h3 46. Kxh3 Kg5 47. Kg3 Kh5 48. h4 Kg6 49. Kg4 Kh6 50. h5 Kg7 51. Kg5 Kh7 52. h6 Kh8 53. Nc4 Kh7 54. Ne5 Kh8 55. Nf7+ Kh7 56. Be4+ Kg8 57. Kg6 Kf8 58. h7 Ke7 59. h8=Q Ke6 60. Qe8# 1-0


[Site "https://www.chess.com"]

[Event "Titled Tuesday Blitz February 22 Late 2022"]
[White "Papasimakopoulos, Alexandros"]
[Black "Vusatiuk, Vladimir"]
[WhiteFideId "4244125"]
[BlackFideId "14118610"]
[WhiteElo "2340"]
[BlackElo "2157"]
[Result "1-0"]
[Round "04"]
[TimeControl "180+1"]
[Date "2022.02.23"]
[WhiteClock "0:00:05"]
[BlackClock "0:00:07"]

1. d4 Nf6 2. c4 e6 3. Nc3 Bb4 4. Qc2 O-O 5. a3 Bxc3+ 6. Qxc3 b6 7. Bg5 Bb7 8. f3 d5 9. e3 Nbd7 10. cxd5 exd5 11. Bd3 h6 12. Bh4 Re8 13. Ne2 c5 14. O-O Qe7 15. Bf2 Rac8 16. Qd2 Nf8 17. Ng3 Ne6 18. Nf5 Qd7 19. Bg3 Red8 20. Be5 Ne8 21. Rad1 Bc6 22. Rfe1 Bb5 23. Bb1 f6 24. Bg3 Qf7 25. Nh4 Nf8 26. Ba2 cxd4 27. exd4 Bc4 28. Bb1 Nd6 29. Bxd6 Rxd6 30. Nf5 Re6 31. Rxe6 Nxe6 32. Nd6 Qc7 33. Nxc8 Qxc8 34. Bf5 Qc6 35. Qe3 Ng5 36. h4 Nf7 37. Qe6 Qxe6 38. Bxe6 Kf8 39. Bxf7 Kxf7 40. h5 f5 41. Kf2 Kf6 42. g4 f4 43. Re1 a5 44. Re5 a4 45. Rf5+ Ke6 46. Rxf4 Ke7 47. Ke3 Bb3 48. Rf5 Ke6 49. Re5+ Kf7 50. Kf4 b5 51. g5 Bc4 52. gxh6 gxh6 53. Rf5+ Ke6 54. Rf8 Ke7 55. Rh8 Kf6 56. Rxh6+ Kg7 57. Rc6 b4 58. axb4 Bb3 59. Kg5 Kf7 60. Rc7+ Ke6 61. h6 a3 62. Ra7 axb2 63. h7 b1=Q 64. Ra6+ Kf7 65. h8=Q Qg1+ 66. Kf4 Qc1+ 67. Ke5 Qg5+ 68. Kd6 Qg6+ 69. Kd7 Qxa6 70. Qh7+ Kf8 71. Qe7+ Kg8 72. Qe6+ Qxe6+ 73. Kxe6 Bc4 74. Kd6 Kf7 75. Kc6 Ke6 76. b5 Kf5 77. b6 Ba6 78. Kc5 Bb7 79. Kd6 Kf4 80. Kc7 Ba6 81. b7 Bxb7 82. Kxb7 Kxf3 83. Kc6 Ke4 84. Kc5 Kf5 85. Kxd5 Kf6 86. Kd6 Kf7 87. Kd7 Kf6 88. d5 Ke5 89. d6 Kd5 90. Ke7 Kc5 91. d7 1-0


[Site "https://www.chess.com"]

[Event "Titled Tuesday Blitz February 22 Late 2022"]
[White "Pavlidou, Ekaterini"]
[Black "Gerbelli Neto, Eduardo"]
[WhiteFideId "4213262"]
[BlackFideId "2103281"]
[WhiteElo "2127"]
[BlackElo "2178"]
[Result "0-1"]
[Round "04"]
[TimeControl "180+1"]
[Date "2022.02.23"]
[WhiteClock "0:02:12"]
[BlackClock "0:02:00"]

1. d4 d5 2. c4 c6 3. Nf3 Nf6 4. cxd5 cxd5 5. Bf4 Nc6 6. e3 Bf5 7. Bb5 Bxb1 8. Bxc6+ bxc6 9. Rxb1 Qa5+ 10. Nd2 Ne4 11. b4 Qxa2 12. Nxe4 dxe4 13. O-O e6 14. Ra1 Qd5 15. Qa4 Qb5 16. Rfc1 Bxb4 17. Rxc6 Qxa4 18. Rxa4 a5 19. Bd6 Kd7 20. Rc7+ Kxd6 21. Rxf7 Rhc8 22. g4 Rc7 0-1


[Site "https://www.chess.com"]

[Event "Titled Tuesday Blitz February 22 Late 2022"]
[White "Perez Gormaz, Matias"]
[Black "Medeiros Jr, Francisco De Assis"]
[WhiteFideId "3406342"]
[BlackFideId "2114267"]
[WhiteElo "2352"]
[BlackElo "1998"]
[Result "0-1"]
[Round "04"]
[TimeControl "180+1"]
[Date "2022.02.23"]
[WhiteClock "0:00:02"]
[BlackClock "0:00:42"]

1. e4 c6 2. d4 d5 3. e5 g6 4. Nf3 h5 5. Bd3 Bg4 6. Nbd2 e6 7. c3 Bh6 8. a4 Bxd2+ 9. Bxd2 c5 10. dxc5 Nd7 11. Bb5 a6 12. Bxd7+ Qxd7 13. b4 h4 14. h3 Bh5 15. Be3 Ne7 16. Bd4 Nf5 17. Qd3 Bxf3 18. Qxf3 a5 19. b5 Rc8 20. g4 hxg3 21. fxg3 Qe7 22. g4 Nxd4 23. cxd4 b6 24. c6 Qb4+ 25. Kf2 Qxd4+ 26. Qe3 Qb4 27. Kg2 d4 28. Qe4 Rd8 29. Rhf1 Rd5 30. Rac1 Qd2+ 31. Kg3 Qg5 32. Kg2 Qd2+ 33. Kg3 Qg5 34. Kh2 O-O 35. c7 Rc8 36. Rc6 d3 37. Qf3 Qxe5+ 38. Kh1 Rxc7 39. Rxb6 d2 40. Rc6 Rcd7 41. Rc8+ Kg7 0-1


[Site "https://www.chess.com"]

[Event "Titled Tuesday Blitz February 22 Late 2022"]
[White "Pichot, Alan"]
[Black "Sadhwani, Raunak"]
[WhiteFideId "110973"]
[BlackFideId "35093487"]
[WhiteElo "2543"]
[BlackElo "2616"]
[Result "0-1"]
[Round "04"]
[TimeControl "180+1"]
[Date "2022.02.22"]
[WhiteClock "0:00:02"]
[BlackClock "0:00:18"]

1. e4 e5 2. Nf3 Nc6 3. Bb5 Nge7 4. O-O Ng6 5. c3 a6 6. Bc4 Be7 7. d4 d6 8. h3 O-O 9. Re1 Kh8 10. Nbd2 f5 11. exf5 Bxf5 12. Nf1 d5 13. Bb3 e4 14. N3h2 Nh4 15. Ne3 Be6 16. c4 dxc4 17. Bxc4 Bxc4 18. Nxc4 Nxd4 19. Be3 Ndf5 20. Qc2 Qd3 21. Qxd3 exd3 22. Rad1 Rad8 23. Bf4 c5 24. Ne5 Ng6 25. Nxg6+ hxg6 26. Ng4 Bf6 27. b3 Bc3 28. Re4 b5 29. Be5 Rfe8 30. f3 Ba5 31. Nf2 c4 32. bxc4 bxc4 33. Rc1 d2 34. Rcxc4 Bb6 0-1


[Site "https://www.chess.com"]

[Event "Titled Tuesday Blitz February 22 Late 2022"]
[White "Piesik, Piotr"]
[Black "Mirzoev, Azer"]
[WhiteFideId "1136194"]
[BlackFideId "13400304"]
[WhiteElo "2232"]
[BlackElo "2525"]
[Result "1/2-1/2"]
[Round "04"]
[TimeControl "180+1"]
[Date "2022.02.23"]
[WhiteClock "0:01:19"]
[BlackClock "0:00:06"]

1. Nf3 c5 2. g3 b5 3. Bg2 Bb7 4. O-O e6 5. d3 d5 6. Nbd2 Nf6 7. e4 dxe4 8. Ng5 Nc6 9. Ngxe4 Nxe4 10. Nxe4 Be7 11. Be3 Qb6 12. a3 a5 13. b4 axb4 14. axb4 Nxb4 15. Rxa8+ Bxa8 16. Qa1 O-O 17. Qc3 Nd5 18. Bxc5 Nxc3 19. Bxb6 Ne2+ 20. Kh1 Rc8 21. Rb1 b4 22. Ba5 Rxc2 23. Nf6+ gxf6 24. Bxa8 Nc3 25. Rb3 Rxf2 26. Bxb4 Bxb4 27. Rxb4 Rd2 28. Rd4 Nd1 29. Kg1 Nf2 30. Rd8+ Kg7 31. d4 Ng4 32. h3 Ne3 33. Bf3 Nf5 34. d5 Nxg3 35. d6 Nf5 36. d7 Ne7 37. Bb7 f5 38. Bc8 Kf6 39. Re8 Nc6 40. Bb7 Rxd7 41. Bxc6 Rd2 42. Rh8 Kg7 43. Ra8 Rc2 44. Bg2 Kf6 45. Rh8 Kg7 46. Ra8 Kf6 47. Rh8 Kg7 48. Ra8 1/2-1/2


[Site "https://www.chess.com"]

[Event "Titled Tuesday Blitz February 22 Late 2022"]
[White "Pinheiro, Iung Alicio de O."]
[Black "Gaisinsky, Adam"]
[WhiteFideId "2104350"]
[BlackFideId "2620561"]
[WhiteElo "2581"]
[BlackElo "1965"]
[Result "1-0"]
[Round "04"]
[TimeControl "180+1"]
[Date "2022.02.23"]
[WhiteClock "0:00:21"]
[BlackClock "0:00:01"]

1. e4 e5 2. Bc4 Nf6 3. d3 Nc6 4. Nc3 Bc5 5. f4 d6 6. Nf3 exf4 7. Bxf4 O-O 8. Qd2 Be6 9. Bb3 Bb4 10. Bg5 h6 11. Bh4 a5 12. O-O Bxb3 13. axb3 Re8 14. Qc1 Re6 15. Nd5 Bc5+ 16. Kh1 Nd4 17. Nxf6+ gxf6 18. Nxd4 Bxd4 19. Qxh6 Qf8 20. Qc1 Be5 21. c3 c5 22. Rf5 Qg7 23. Qf1 Qh7 24. Qf2 Kg7 25. Rf1 Rh8 26. g3 Qh6 27. d4 cxd4 28. cxd4 Bxg3 29. Bxg3 Rxe4 30. Rxf6 Qh5 31. Rxf7+ Kg6 32. Qf6# 1-0


[Site "https://www.chess.com"]

[Event "Titled Tuesday Blitz February 22 Late 2022"]
[White "Przybylski, Wojciech"]
[Black "Sarkar, Justin"]
[WhiteFideId "1117599"]
[BlackFideId "2010011"]
[WhiteElo "2133"]
[BlackElo "2038"]
[Result "0-1"]
[Round "04"]
[TimeControl "180+1"]
[Date "2022.02.23"]
[WhiteClock "0:00:10"]
[BlackClock "0:00:05"]

1. e4 e5 2. Nf3 Nc6 3. d4 exd4 4. Nxd4 Nf6 5. Nxc6 dxc6 6. e5 Qxd1+ 7. Kxd1 Ng4 8. Ke1 Nxe5 9. Nc3 Bb4 10. Bf4 f6 11. a3 Bxc3+ 12. bxc3 Bf5 13. Kd2 O-O-O+ 14. Kc1 Rhe8 15. h3 Nd7 16. Be3 Nb6 17. c4 Na4 18. Be2 Nc3 19. Bf3 Be4 20. Kb2 Na4+ 21. Kb3 Bxf3 22. gxf3 Nb6 23. Rag1 Re7 24. Rg4 Nd7 25. f4 f5 26. Rg5 g6 27. Rgg1 Nf6 28. a4 b6 29. a5 Kb7 30. Ra1 Ne4 31. Rhb1 Nd2+ 32. Bxd2 Rxd2 33. a6+ Kc8 34. Re1 Rxe1 35. Rxe1 Kd7 36. f3 Rd4 37. c5 bxc5 38. c3 Rxf4 39. Rd1+ Ke7 40. Re1+ Kf6 41. Rd1 Rxf3 42. Rd7 Rxh3 43. Rxc7 Rh1 44. Rxa7 Ra1 45. Ra8 f4 46. Kc4 Kg7 47. Kd3 f3 48. Ke3 g5 49. Kxf3 h5 50. c4 g4+ 51. Kf4 Ra3 52. Ra7+ Kg6 53. Ra8 Kg7 54. Ra7+ Kg6 55. Ra8 g3 56. Rg8+ Kh7 57. Rg5 h4 58. Rh5+ Kg6 59. Rxh4 Rxa6 60. Rg4+ Kf6 61. Rxg3 Ra4 62. Rc3 Ke6 63. Ke4 Kd6 64. Rc2 Ra3 65. Rc1 Rb3 66. Rh1 Rc3 67. Rh6+ Kc7 68. Ke5 Rxc4 69. Rh1 Rc2 70. Rb1 Rd2 71. Rc1 Kb6 72. Rb1+ Ka5 73. Ra1+ Kb4 74. Rb1+ Ka4 75. Ra1+ Kb3 76. Rb1+ Kc2 77. Rb6 c4 78. Rxc6 c3 79. Ke4 Kb2 80. Ke3 Rd7 81. Rb6+ Kc1 82. Ke2 c2 83. Rb5 Rd8 84. Rb4 Re8+ 85. Kd3 Kd1 86. Rh4 Rd8+ 87. Kc3 c1=Q+ 0-1


[Site "https://www.chess.com"]